 Dungeon Crawl Stone Soup version 0.29-a0-206-g4a66f2e2b5 (webtiles) character file.

Game seed: 9072246555398057210

61749 emikaela the Spry (level 14, -4/69 HPs)
             Began as a Felid Wanderer on Mar 21, 2021.
             Was the Champion of Wu Jian.
             Killed from afar by Frances (42 damage)
             ... with an iron shot
             ... on level 1 of the Elven Halls on Feb 23, 2022.
             The game lasted 04:48:21 (50935 turns).

emikaela the Spry (Felid Wanderer)                 Turns: 50935, Time: 04:48:22

Health: -4/69      AC:  7    Str: 13    XL:     14   Next: 61%
Magic:  24/26      EV: 35    Int: 20    God:    Wu Jian [******]
Gold:   647        SH:  0    Dex: 20    Spells: 2/28 levels left
                                        Lives:  0   Deaths: 4

rFire   . . .      SeeInvis +     - Unarmed
rCold   + . .      Faith    .   (shield unavailable)
rNeg    . . .      Spirit   .   (body armour unavailable)
rPois   .          Reflect  .   (helmet unavailable)
rElec   .          Harm     .   (cloak unavailable)
rCorr   .          Rampage  .   (gloves unavailable)
Will    ++...                   (boots unavailable)
Stlth   ++++++....              H - amulet "Jacrontao" {Regen+ Str+5 Int+4}
HPRegen 1.01/turn               q - +4 ring of protection
MPRegen 0.20/turn               w - +4 ring of evasion

@: confusing by touch, quick
A: very small, claws 1, fangs 3, see invisible, speed 1, shaggy fur 3, stealthy
paws, no weapons or thrown items, no armour, multi-lived
a: Renounce Religion, Wall Jump, Serpent's Lash, Heavenly Storm


You were on level 1 of the Elven Halls.
You worshipped Wu Jian.
Wu Jian was exalted by your worship.
You visited 8 branches of the dungeon, and saw 30 of its levels.
You also visited: Sewer and Ice Cave.

You collected 2839 gold pieces.
You spent 2192 gold pieces at shops.

Inventory:

Jewellery
 c - a ring of positive energy
 e - a ring of flight
 k - a ring of resist corrosion
 q - a +4 ring of protection (left paw)
 t - a +6 ring of intelligence
 w - a +4 ring of evasion (right paw)
 C - a ring of wizardry
 H - the amulet "Jacrontao" (around neck) {Regen+ Str+5 Int+4}
   (You found it on level 6 of the Lair of Beasts)

   [amulet of regeneration]

   Str:       It affects your strength (+5).
   Int:       It affects your intelligence (+4).
   Regen:     It increases your rate of health regeneration.
 J - a ring of fire
Wands
 A - a wand of acid (23)
 B - a wand of iceblast (20)
 F - a wand of flame (3)
 G - a wand of digging (12)
 O - a wand of mindburst (22)
 P - a wand of paralysis (22)
 Y - a wand of polymorph (18)
Scrolls
 f - 6 scrolls of fear
 g - 3 scrolls of fog
 h - a scroll of holy word
 i - 4 scrolls of identify
 j - 4 scrolls of amnesia
 l - a scroll of blinking
 m - 7 scrolls of magic mapping
 o - 5 scrolls of immolation {!r}
 p - 6 scrolls of teleportation
 u - 3 scrolls of summoning
 v - 4 scrolls of vulnerability {!r}
 S - 2 scrolls of silence {!r}
Potions
 b - a potion of berserk rage {!q}
 d - 6 potions of flight
 r - a potion of magic
 x - 4 potions of brilliance
 y - 3 potions of haste
 z - 4 potions of heal wounds
 D - 2 potions of might
 I - 4 potions of resistance
 K - 4 potions of lignification {!q}
 L - 2 potions of mutation {!q}
 M - a potion of cancellation
 U - 3 potions of curing
Miscellaneous
 a - a piece from Xom's chessboard (15/15)
 s - a tin of tremorstones (2/2)
 E - a lightning rod (4/4)
 W - a phial of floods


   Skills:
 - Level 12.2 Fighting
 - Level 16.5 Dodging
 - Level 15.5 Stealth
 - Level 12.2 Unarmed Combat
 + Level 7.5 Spellcasting
 - Level 3.0 Conjurations
 - Level 14.4 Hexes
 * Level 8.7 Transmutations
 - Level 3.0 Ice Magic
 * Level 7.1 Earth Magic
 - Level 10.0 Evocations


You had 2 spell levels left.
You knew the following spells:

 Your Spells              Type           Power      Damage    Failure   Level
a - Confusing Touch       Hex            60%        N/A       1%          3
b - Blade Hands           Tmut           21%        N/A       7%          5
d - Dazzling Flash        Conj/Hex       84%        N/A       1%          3
e - Ensorcelled Hibernat  Hex/Ice        84%        N/A       1%          2
f - Petrify               Tmut/Erth      39%        N/A       3%          4
l - Leda's Liquefaction   Hex/Erth       25%        N/A       1%          4
t - Tukima's Dance        Hex            60%        N/A       1%          3
w - Passwall              Tmut/Erth      32%        N/A       1%          2

Your spell library contained the following spells:

 Spells                   Type           Power      Damage    Failure   Level
 Corona                   Hex            60%        N/A       1%          1
 Sandblast                Erth           72%        2d16      1%          1
 Slow                     Hex            100%       N/A       1%          1
 Yara's Violent Unravell  Hex/Tmut       26%        3d11      2%          5
 Stone Arrow              Conj/Erth      54%        3d10      3%          3
 Lee's Rapid Deconstruct  Erth           18%        3d12*     13%         5
 Statue Form              Tmut/Erth      26%        N/A       47%         6
 Borgnjor's Vile Clutch   Necr/Erth      10%        N/A       50%         5
 Bolt of Magma            Conj/Fire/Erth 10%        4d7       52%         5
 Animate Dead             Necr           3%         N/A       65%         4
 Iron Shot                Conj/Erth      13%        9d3       86%         6
 Shatter                  Erth           18%        3d17*     100%        9
 Animate Armour           Summ/Erth      Unusable   N/A       N/A         4

Dungeon Overview and Level Annotations

Branches:
Dungeon (15/15)            Temple (1/1) D:5            Lair (6/6) D:8
 Shoals (2/4) Lair:4       Spider (2/4) Lair:2        Slime (0/5) Lair:6
    Orc (2/2) D:9             Elf (1/3) Orc:2        Vaults (0/5) D:14
 Depths (1/5) D:15          Sewer (visited)           IceCv (visited)

Altars:
Ashenzari
Cheibriados
Dithmenos
Elyvilon
Fedhas
Gozag
Hepliaklqana
Kikubaaqudgha
Makhleb
Nemelex Xobeh
Okawaru
Qazlal
Ru
Sif Muna
Trog
Uskayaw
Vehumet
Wu Jian
Xom
Yredelemnul
Zin
The Shining One
Beogh
Jiyva

Shops:
D:10 (   D:14 *   Orc:2 [[[(*(**

Portals:
Abyss: Depths:1

Annotations:
D:4 1 runed translucent door, PeterLawrence's ghost, novice GrFi
D:5 2 transporters, PeterMcNeter's ghost, novice VSFi
D:6 2 runed translucent doors, Maggie; ma3's ghost, weakling TrMo
D:7 2 transporters, exclusion: cyclops, Lanoc's ghost, novice DDWn
D:8 exclusions: ice beast, 3 killer bees and manticore
D:9 5 transporters
D:10 2 runed translucent doors, PeterMcNeter's ghost, novice VSFi
D:14 3 runed translucent doors, p0werm0de's ghost, journeyman HOCK
Lair:1 exclusion: oklob plant
Lair:4 exclusion: catoblepas
Lair:5 exclusion: boulder beetle
Shoals:2 Donald; Ilsuiw; Polyphemus
Orc:1 2 transporters, diceflayer's ghost, journeyman FoFi
Orc:2 3 runed translucent doors, polve's ghost, journeyman HOBe
Elf:1 Frances


Innate Abilities, Weirdness & Mutations

You have sharp claws.
You have razor-sharp teeth.
You have supernaturally acute eyesight. (SInv)
You cover ground quickly. (Speed+)
Your thick and shaggy fur keeps you warm. (AC +3, rC+)
Your paws help you pounce on unaware monsters.
You are incapable of wielding weapons or throwing items.
You cannot wear armour.
You gain extra lives every three experience levels.


Message History

Frances, Duchess of Pandemonium comes into view.
She is wielding a +0 scimitar.
Press: ? - help, v - describe, . - travel
Here: Frances, wielding a +0 scimitar and wearing a +0 leather armour (wandering, hasn't noticed you)
The floor.
Okay, then.
Casting: Blade Hands (dangerous; 7% risk of failure)
Confirm with . or Enter, or press ? or * to list all spells.
Aiming: Tukima's Dance (safe; 1% risk of failure)
Press: ? - help, Shift-Dir - straight line, f - Frances
Aim: Frances, wielding a +0 scimitar and wearing a +0 leather armour (wandering, hasn't noticed you, chance to affect: 13%)
Okay, then.
Unknown command.
Casting: Tukima's Dance (safe; 1% risk of failure)
Confirm with . or Enter, or press ? or * to list all spells.
Okay, then.
Casting: Tukima's Dance (safe; 1% risk of failure)
Confirm with . or Enter, or press ? or * to list all spells.
Your paws begin to glow red.
Casting: Confusing Touch (safe; 1% risk of failure)
Confirm with . or Enter, or press ? or * to list all spells.
Okay, then.
Frances shouts!
You scratch Frances but do no damage. You claw Frances!
You bite Frances, but do no damage.
Frances is lightly wounded.
Frances completely misses you.
You scratch Frances but do no damage. Your bite misses Frances.
Frances is lightly wounded.
You scratch Frances but do no damage. You claw Frances. You bite Frances.
Frances is lightly wounded.
Frances hits you with a +0 scimitar!!
You are too injured to fight recklessly!
You are too injured to fight recklessly!
You are too injured to fight recklessly!
You scratch Frances but do no damage. Your claw misses Frances.
Frances is lightly wounded.
Frances chants phrases taken from a devil's mouth.
The iron shot hits you!!!
Ouch! That really hurt!
You die...

#..≈)≈≈≈..#
#..[......#
###.#####.########
#)# #..=.......
#.###.##########
#))..# #######.##
##........##
#..@@......#
##........##
....###.###.....
...... e.... .....
.......##.#.######
#..... #..## ###.#
#.. #. .[ #.


You could see Frances.

Vanquished Creatures
  An entropy weaver (Spider:1)
  A ghost moth (Spider:1)
  An emperor scorpion (Spider:1)
  A dire elephant (Lair:6)
  4 vault guards (D:14)
  2 merfolk impalers (Shoals:1)
  3 boulder beetles
  Fannar (D:11)
  Erolcha (D:10)
  An ogre mage (D:14)
  Erica (D:8)
  3 centaur warriors
  10 hydras
  A merfolk avatar (Lair:6)
  A satyr (Shoals:1)
  6 two-headed ogres
  Sonja (D:11)
  A deep elf knight (Elf:1)
  6 sea snakes
  3 unseen horrors
  2 deep elf archers (Elf:1)
  A phantasmal warrior (D:15)
  A wolf spider zombie (D:13)
  A necromancer (D:15)
  6 orc knights
  A deep elf zephyrmancer (Elf:1)
  2 orb spiders (Spider:1)
  5 harpies
  An orc sorcerer (D:15)
  4 fauns
  4 deep elf pyromancers
  11 ugly things
  5 cyclopes
  3 manticores
  9 wolf spiders
  A frost giant zombie (D:15)
  2 merfolk sirens
  4 black mambas
  A water nymph (Shoals:2)
  15 elephants
  A gargoyle (D:12)
  A torpor snail (Lair:6)
  17 cane toads
  9 rime drakes
  An efreet (D:15)
  A freezing wraith (D:14)
  10 komodo dragons
  9 demonic crawlers
  A tengu conjurer (D:14)
  A yaktaur (D:15)
  A guardian mummy (D:15)
  8 merfolk
  2 polar bears (Lair:6)
  5 trolls
  3 jumping spiders (Spider:1)
  4 hornets
  6 wind drakes
  12 blink frogs
  2 snapping turtles
  2 dream sheep (Lair:5)
  23 slime creatures
  An ice dragon zombie (D:15)
  A spriggan zombie (D:15)
  7 wyverns
  A wraith (D:13)
  5 water elementals
  A shadow (D:11)
  12 redbacks
  12 tarantellas
  40 yaks
  3 fire bats (Lair:6)
  An ice dragon skeleton (D:15)
  7 basilisks
  6 wargs (Orc:2)
  2 acid dragons
  25 water moccasins
  33 orc warriors
  21 ice beasts
  7 sky beasts
  3 necrophages
  11 ogres
  9 wolves
  19 centaurs
  A kobold brigand (D:8)
  5 phantoms
  22 bullfrogs
  7 scorpions
  A water moccasin skeleton (D:10)
  6 killer bees
  15 wights
  4 howler monkeys
  3 vampire bats (D:14)
  3 lava snakes (D:8)
  9 jellies
  4 centaur zombies
  A quasit (D:10)
  18 orc priests
  4 centaur skeletons
  6 hounds
  2 bullfrog skeletons
  11 removed worker ants
  7 iguanas
  25 orc wizards
  4 hell rats
  A hound zombie (D:10)
  A hound skeleton (D:9)
  A removed worker ant zombie (D:7)
  Robin (D:1)
  15 adders
  A shadow imp (D:7)
  A white imp (D:5)
  4 ufetubi
  5 endoplasms (D:2)
  An adder skeleton (D:5)
  5 worms
  A dart slug (D:2)
  109 orcs
  11 removed leopard geckos
  8 giant cockroaches
  12 goblins
  5 hobgoblins
  10 jackals
  22 kobolds
  6 quokkas
  2 ball pythons
  14 bats
  7 frilled lizards
  12 rats
  A removed leopard gecko skeleton (D:6)
  A removed leopard gecko zombie (D:6)
889 creatures vanquished.

Vanquished Creatures (collateral kills)
  2 vault guards (D:14)
  3 two-headed ogres (D:15)
  A skeletal warrior (D:15)
  A deep elf pyromancer (Elf:1)
  3 orc knights
  A faun (Shoals:1)
  A black mamba (Lair:6)
  A cane toad (Lair:6)
  A hornet (Lair:6)
  A wyvern (Lair:6)
  A warg (Orc:2)
  A water moccasin (Lair:6)
  12 orc warriors
  7 ogres
  11 wights
  2 orc priests
  An orc wizard (Orc:2)
  An adder (D:9)
  9 orcs
60 creatures vanquished.

Vanquished Creatures (others)
  A centaur warrior (D:14)
  A merfolk aquamancer (Shoals:1)
  12 dancing weapons
  42 fungi
  106 plants
  7 toadstools (D:2)
  13 withered plants (D:15)
182 creatures vanquished.

Grand Total: 1131 creatures vanquished

Notes
Turn   | Place    | Note
-------+----------+-------------------------------------------
     0 | D:1      | emikaela the Felid Wanderer began the quest for the Orb.
     0 | D:1      | emikaela set off with the following items: a potion of heal
                  | wounds, a potion of berserk rage {!q}, a scroll of
                  | teleportation, a wand of random effects (15)
     0 | D:1      | Reached XP level 1. HP: 12/12 MP: 2/2
   197 | D:1      | Reached skill level 1 in Dodging
   479 | D:1      | Reached XP level 2. HP: 16/16 MP: 3/3
  1097 | D:2      | Found a sacrificial altar of Ru.
  1105 | D:2      | Reached skill level 2 in Dodging
  1143 | D:2      | Reached XP level 3. HP: 19/19 MP: 4/4
  1929 | D:2      | Reached XP level 4. HP: 14/23 MP: 5/5
  2554 | D:2      | Noticed Robin
  2929 | D:2      | Reached skill level 3 in Dodging
  3450 | D:3      | Found a sacrificial altar of Ru.
  4170 | D:3      | Reached XP level 5. HP: 22/26 MP: 6/6
  4303 | D:3      | Noticed a phantom
  4609 | D:2      | Reached skill level 4 in Dodging
  4659 | D:2      | Reached skill level 5 in Stealth
  4659 | D:2      | Gained mutation: You are covered in thick fur. (AC +2)
                  | [Felid growth]
  4659 | D:2      | Reached XP level 6. HP: 21/30 MP: 7/7
  4810 | D:1      | Killed Robin
  5356 | D:4      | Found a runed translucent door.
  5361 | D:4      | Noticed PeterLawrence's ghost (novice GrFi)
  5373 | D:4      | Found a shimmering altar of Xom.
  5788 | D:4      | Found a snail-covered altar of Cheibriados.
  6027 | D:4      | You fall into a shaft and drop 2 floors!
  6068 | D:6      | Noticed a gargoyle
  6126 | D:6      | Noticed an ice beast
  6267 | D:7      | Reached skill level 5 in Dodging
  6429 | D:7      | Noticed Lanoc's ghost (novice DDWn)
  6437 | D:7      | Found a transporter.
  6440 | D:7      | Noticed an ice beast
  6443 | D:7      | Reached skill level 5 in Unarmed Combat
  6511 | D:6      | Killed an ice beast
  6512 | D:6      | Reached XP level 7. HP: 25/33 MP: 8/8
  6705 | D:6      | Found a glowing drain.
  6751 | Sewer    | Entered a sewer
  6965 | D:5      | Entered Level 5 of the Dungeon
  7451 | D:5      | Reached skill level 6 in Dodging
  7461 | D:5      | Found a transporter.
  7484 | D:5      | Found a staircase to the Ecumenical Temple.
  7498 | Temple   | Entered the Ecumenical Temple
  7603 | Temple   | Became a worshipper of the Wu Jian Council
  7683 | D:5      | Found a transporter.
  7684 | D:5      | Noticed PeterMcNeter's ghost (novice VSFi)
  7773 | D:4      | Found an opulent altar of Gozag.
  9090 | D:5      | Reached XP level 8. HP: 25/37 MP: 9/9
 10396 | D:5      | Found a hazy altar of Hepliaklqana.
 10533 | D:5      | Found a glowing golden altar of the Shining One.
 10774 | D:5      | Reached skill level 7 in Dodging
 11332 | D:5      | Reached skill level 5 in Evocations
 11771 | D:5      | Reached skill level 8 in Dodging
 11942 | D:5      | Reached * piety under Wu Jian
 12162 | D:6      | Noticed Maggie
 12171 | D:6      | Found a large runed translucent door.
 12171 | D:6      | Found a large runed translucent door.
 12173 | D:6      | Noticed ma3's ghost (weakling TrMo)
 13353 | D:6      | Reached XP level 9. HP: 15/40 MP: 10/10
 13627 | D:7      | Noticed a cyclops
 13717 | D:7      | Noticed a two-headed ogre
 13999 | D:7      | Found a transporter.
 14188 | D:7      | Found a shimmering blue altar of Sif Muna.
 14647 | D:7      | Found a hide-covered altar of Uskayaw.
 14648 | D:7      | Found a shadowy altar of Dithmenos.
 15180 | D:7      | Slain by a killer bee
 15181 | D:7      | Reached XP level 8. HP: 0/39 MP: 9/9
 16072 | D:8      | Noticed Erica
 16255 | D:8      | Reached ** piety under Wu Jian
 16481 | D:8      | Learned a level 3 spell: Confusing Touch
 16485 | D:8      | Learned a level 3 spell: Tukima's Dance
 16539 | D:8      | Found a staircase to the Lair.
 16539 | D:8      | Found an ornate altar of the Wu Jian Council.
 16558 | D:8      | Reached skill level 1 in Hexes
 16688 | D:8      | Reached XP level 9. HP: 43/43 MP: 10/10
 17348 | D:7      | Killed a two-headed ogre
 17349 | D:7      | Reached skill level 1 in Spellcasting
 17882 | D:7      | Learned a level 2 spell: Ensorcelled Hibernation
 18607 | D:8      | Noticed a manticore
 18834 | D:8      | Reached skill level 5 in Hexes
 18835 | D:8      | Killed from afar by an orc priest
 18836 | D:8      | Reached XP level 8. HP: -1/40 MP: 7/12
 19350 | D:9      | Reached skill level 1 in Ice Magic
 19541 | D:9      | Reached XP level 9. HP: 33/43 MP: 13/13
 19587 | D:9      | Found a transporter.
 19612 | D:9      | Found a transporter.
 19613 | D:9      | Noticed an unseen horror
 19614 | D:9      | Noticed a boulder beetle
 20056 | D:9      | Reached *** piety under Wu Jian
 20096 | D:9      | Noticed an ogre mage
 20100 | D:9      | Found a transporter.
 20120 | D:9      | Found a transporter.
 20120 | D:9      | Found a transporter.
 20145 | D:9      | Found a sparkling altar of Nemelex Xobeh.
 20145 | D:9      | Noticed a two-headed ogre
 20165 | D:9      | Killed a two-headed ogre
 20974 | D:9      | Found a staircase to the Orcish Mines.
 21147 | D:9      | Identified the +0 chain mail of Saruem {rN++ SInv}
 21400 | D:9      | Reached skill level 10 in Hexes
 22293 | D:9      | Reached XP level 10. HP: 47/47 MP: 10/14
 22384 | D:10     | Entered Level 10 of the Dungeon
 22765 | D:10     | Found a runed translucent door.
 22767 | D:10     | Noticed a catoblepas
 22768 | D:10     | Noticed a stone giant
 22769 | D:10     | Found a runed translucent door.
 22776 | D:10     | Noticed a necromancer
 22780 | D:10     | Noticed PeterMcNeter's ghost (novice VSFi)
 22780 | D:10     | Noticed a lich
 22826 | D:10     | Found Huyrchusch's Weapon Shop.
 22893 | D:10     | Reached **** piety under Wu Jian
 23006 | D:10     | Noticed Erolcha
 23011 | D:9      | Upgraded the game from 0.27-a0-695-gb4952372f7 to
                  | 0.27-a0-732-ga892ba84f6
 23087 | Lair:1   | Entered Level 1 of the Lair of Beasts
 23087 | Lair:1   | Noticed a five-headed hydra
 23088 | Lair:1   | Killed a five-headed hydra
 23093 | Lair:1   | Found a frozen archway.
 23125 | IceCv    | Entered an ice cave
 23133 | IceCv    | Learned a level 3 spell: Dazzling Flash
 23361 | IceCv    | Noticed an ice statue
 23529 | IceCv    | Reached skill level 10 in Stealth
 23714 | IceCv    | Noticed an ice statue
 23716 | IceCv    | Reached skill level 1 in Conjurations
 24832 | IceCv    | Noticed an ice dragon
 24835 | IceCv    | Noticed an ice dragon
 24990 | Lair:1   | Reached XP level 11. HP: 51/51 MP: 18/18
 24999 | Lair:1   | Learned a level 2 spell: Passwall
 25046 | Lair:1   | Reached skill level 1 in Transmutations
 25189 | Lair:1   | Reached skill level 10 in Unarmed Combat
 25189 | Lair:1   | Reached skill level 1 in Earth Magic
 25228 | Lair:1   | Reached skill level 9 in Dodging
 25318 | Lair:1   | Reached skill level 5 in Spellcasting
 25326 | Lair:1   | Noticed an oklob plant
 25895 | Lair:2   | Noticed a six-headed hydra
 25987 | Lair:1   | Reached skill level 10 in Dodging
 26067 | Lair:2   | Found a hole to the Spider Nest.
 26611 | Lair:2   | Reached skill level 11 in Dodging
 26953 | Lair:2   | Gained mutation: Your thick and shaggy fur keeps you warm.
                  | (AC +3, rC+) [Felid growth]
 26953 | Lair:2   | Reached XP level 12. HP: 54/55 MP: 18/20
 27758 | Lair:3   | Reached ***** piety under Wu Jian
 27923 | Lair:4   | Noticed a catoblepas
 28026 | Lair:4   | Noticed a five-headed hydra
 28049 | Lair:4   | Killed a five-headed hydra
 28577 | Lair:4   | Found a staircase to the Shoals.
 29946 | Lair:5   | Noticed a boulder beetle
 30002 | Lair:5   | Noticed a boulder beetle
 30089 | Lair:5   | Killed a boulder beetle
 30481 | Lair:5   | Reached skill level 10 in Fighting
 30579 | Lair:5   | Reached skill level 12 in Dodging
 30757 | Lair:6   | Entered Level 6 of the Lair of Beasts
 30864 | Lair:6   | Noticed a seven-headed hydra
 30870 | Lair:6   | Killed a seven-headed hydra
 30899 | Lair:6   | Identified the +0 helmet of the Unstoppable Moons {Regen+
                  | Str+2}
 30955 | Lair:6   | Reached XP level 13. HP: 57/61 MP: 21/21
 31027 | Lair:6   | Reached skill level 13 in Dodging
 31844 | D:8      | Killed Erica
 31956 | D:10     | Killed Erolcha
 31998 | D:10     | Reached skill level 14 in Dodging
 32366 | D:11     | Noticed Fannar
 32405 | D:11     | Killed Fannar
 32608 | D:11     | Noticed Sonja
 32612 | D:11     | Killed Sonja
 32613 | D:11     | Reached skill level 15 in Dodging
 32654 | D:11     | Found a hazy altar of Hepliaklqana.
 33377 | D:11     | Upgraded the game from 0.27-a0-732-ga892ba84f6 to
                  | 0.27-a0-760-gc38aae387d
 34795 | D:12     | Reached ****** piety under Wu Jian
 35375 | D:13     | Found a glowing golden altar of the Shining One.
 36127 | D:14     | Reached XP level 14. HP: 57/66 MP: 6/22
 36478 | D:14     | Found a gate to the Vaults.
 36665 | D:14     | Noticed p0werm0de's ghost (journeyman HOCK)
 36686 | D:14     | Found Zeotapin's General Store.
 36692 | D:14     | Bought a tin of tremorstones (2/2) for 720 gold pieces
 36692 | D:14     | Bought a potion of haste for 180 gold pieces
 36692 | D:14     | Bought 2 scrolls of magic mapping for 126 gold pieces
 36716 | D:14     | Found a runed translucent gate.
 36716 | D:14     | Found a runed translucent gate.
 36716 | D:14     | Found a runed translucent gate.
 37746 | D:15     | Entered Level 15 of the Dungeon
 37746 | D:15     | Found an opulent altar of Gozag.
 38404 | Orc:1    | Entered Level 1 of the Orcish Mines
 38431 | Orc:1    | Found a transporter.
 38434 | Orc:1    | Identified the +11 lajatang "Oke Cic" {flame, Str+6}
 38443 | Orc:1    | Found a transporter.
 38443 | Orc:1    | Identified the +12 triple sword of Yzemuage {antimagic,
                  | +Fly rPois Str+5}
 38443 | Orc:1    | Noticed an orc warlord
 38444 | Orc:1    | Found a bloodstained altar of Trog.
 38444 | Orc:1    | Noticed diceflayer's ghost (journeyman FoFi)
 38820 | Orc:2    | Entered Level 2 of the Orcish Mines
 38922 | Orc:2    | Found a staircase to the Elven Halls.
 38959 | Orc:2    | Found Mifuukh's Armour Boutique.
 39130 | Orc:2    | Found a runed translucent gate.
 39130 | Orc:2    | Found a runed translucent gate.
 39131 | Orc:2    | Found a runed translucent gate.
 39133 | Orc:2    | Noticed polve's ghost (journeyman HOBe)
 39544 | Orc:2    | Found Owkav's General Store.
 39548 | Orc:2    | Bought a lightning rod (4/4) for 390 gold pieces
 39858 | Orc:2    | Found Jikelaz's Assorted Antiques.
 39981 | Orc:2    | Bought a brown potion for 31 gold pieces
 40435 | Orc:2    | Found Kunuiqug's General Store.
 40435 | Orc:2    | Found Feazi Liabri's Weapon Boutique.
 40440 | Orc:2    | Bought a scroll of immolation for 45 gold pieces
 40872 | Orc:2    | Found Xus Oqag's Weapon Emporium.
 40872 | Orc:2    | Found Icveoshe's Antique Armour Boutique.
 40923 | Orc:2    | Found Gaotsoarch's Armour Emporium.
 41150 | Orc:2    | Bought a scroll of identify for 70 gold pieces
 41150 | Orc:2    | Bought a potion of curing for 105 gold pieces
 41150 | Orc:2    | Bought a potion of resistance for 350 gold pieces
 41150 | Orc:2    | Bought a golden ring for 175 gold pieces
 42132 | Lair:6   | Reached skill level 10 in Evocations
 42256 | Lair:5   | Reached XP level 15. HP: 66/71 MP: 16/24
 43107 | Lair:6   | Found a staircase to the Slime Pits.
 43108 | Lair:6   | Found a viscous altar of Jiyva.
 43165 | Lair:6   | Identified the Incunabulum of Ghastly Transmutation
 43169 | Lair:6   | Identified the amulet "Jacrontao" {Regen+ Str+5 Int+4}
 43986 | D:15     | Found a staircase to the Depths.
 44103 | D:15     | Upgraded the game from 0.27-a0-760-gc38aae387d to
                  | 0.27-a0-1140-g099f9bb0e8
 45561 | D:15     | Learned a level 4 spell: Leda's Liquefaction
 45641 | D:15     | Reached skill level 15 in Stealth
 46215 | Shoals:1 | Entered Level 1 of the Shoals
 46318 | Shoals:1 | Reached skill level 5 in Transmutations
 46729 | Shoals:1 | Learned a level 4 spell: Petrify
 47040 | Shoals:2 | Noticed Ilsuiw
 47178 | Shoals:2 | Reached skill level 5 in Earth Magic
 47306 | Shoals:2 | Upgraded the game from 0.27-a0-1140-g099f9bb0e8 to
                  | 0.28-a0-312-gbced6e68ee
 47328 | Shoals:2 | Noticed Donald
 47627 | Shoals:1 | HP: 1/67 [shot self (20)]
 47628 | Shoals:1 | Killed from afar by a merfolk aquamancer
 47629 | Shoals:1 | Reached XP level 14. HP: -25/65 MP: 19/24
 47729 | Spider:1 | Entered Level 1 of the Spider Nest
 48058 | Lair:2   | Reached XP level 15. HP: 72/72 MP: 21/26
 48222 | Depths:1 | Entered Level 1 of the Depths
 48222 | Depths:1 | Found a one-way gate to the infinite horrors of the Abyss.
 48244 | D:15     | Learned a level 5 spell: Blade Hands
 48771 | Spider:1 | HP: 3/72 [entropy weaver (3)]
 48773 | Spider:1 | HP: 1/72 [entropy weaver (4)]
 48774 | Spider:1 | Slain by an entropy weaver
 48775 | Spider:1 | Reached XP level 14. HP: -5/69 MP: 21/25
 48995 | Spider:1 | Noticed an emperor scorpion
 49049 | Spider:1 | Reached skill level 16 in Dodging
 49049 | Spider:1 | Upgraded the game from 0.28-a0-312-gbced6e68ee to
                  | 0.29-a0-206-g4a66f2e2b5
 49170 | Spider:1 | Killed an emperor scorpion
 49376 | Spider:2 | Noticed an emperor scorpion
 49593 | Spider:2 | Noticed a ghost moth
 49607 | Spider:1 | Killed a ghost moth
 50353 | Shoals:2 | Noticed Polyphemus
 50736 | Elf:1    | Entered Level 1 of the Elven Halls
 50924 | Elf:1    | Noticed Frances
 50935 | Elf:1    | Killed from afar by Frances

Illustrated notes

Levels and vault maps discovered:
D:1:      heliophobic_arrival_glass_houses, layout_rooms
D:2:      cheibrodos_fertilizer, layout_loops_ring,
          nicolae_overflow_crystal_walls, minmay_vboxes, uniq_robin
D:3:      layout_loops_corners, nicolae_ru_sacrificial_ziggurat
D:4:      cheibrodos_quashed, layout_loops_ring, kennysheep_mini,
          lemuel_round_altar, ebering_ghost_reflecting_pool,
          minmay_ruined_shrine
D:5:      kennysheep_big_flooded_room, layout_loops_corners, marbit_many_paths,
          minmay_temple_entry_gardened_gates, basic_altar,
          gammafunk_ghost_mausoleum
D:6:      layout_loops_corners, portal_sewer_entry_f,
          ebering_ghost_disaster_area, grunt_tough_drop, uniq_maggie
D:7:      layout_basic, lemuel_doored_altar, gammafunk_temple_overflow_pools,
          gammafunk_ghost_stat_death, kb_rosetta
D:8:      layout_layer_cave, lair_entry_dummy, serial_glass, glass_columns_c,
          glass_columns_c, basic_altar, kennysheep_boxes, uniq_erica
D:9:      gammafunk_the_bubble [the_bubble_gammafunk_roulette], layout_basic,
          lemuel_crystal_altar, david_orc_5, grunt_ministairs_6, minmay_radiant
D:10:     layout_rooms, serial_shops, shop, muffindrake_ghost_dual_entry,
          kennysheep_nondescript, uniq_erolcha
D:11:     layout_basic, kennysheep_crisscross, hangedman_abyss_or_decor_stagger,
          lemuel_altar_in_water, uniq_fannar, uniq_sonja
D:12:     layout_long_grid
D:13:     layout_stronghold, tso_metal_star
D:14:     layout_long_grid, erik_vaults_2, serial_shops, shop,
          gammafunk_ghost_icy, kennysheep_big_empty_room, serial_rivers,
          chequers_serial_rivers_small_b, chequers_serial_rivers_large_a,
          chequers_serial_rivers_room_a, chequers_serial_rivers_micro_a,
          grunt_ministairs_9, roderic_batcave
D:15:     gammafunk_depths_entry_grave, layout_rooms, nicolae_gozag_seed_capital
Temple:   jpeg_temple_clearing
Lair:1:   dpeg_oklob_gauntlet, layout_loops_ring,
          portal_ice_cave_entry_pillars_1, grunt_megastairs_5
Lair:2:   layout_hall_layers, spider_nest_entry_webs, serial_forest,
          infiniplex_forest_lined_corner, infiniplex_forest_straight_4,
          infiniplex_forest_straight_3, infiniplex_forest_straight_3
Lair:3:   layout_regular_city
Lair:4:   layout_regular_city, elwin_shoals_entry_stream, wad_woods_river_01
Lair:5:   layout_layer_cave, nicolae_quartered_pool_medium, lemuel_fruit_tree,
          grunt_megastairs_4
Lair:6:   gammafunk_lair_ancient_temple, layout_regular_city, slime_altar_1,
          nicolae_volcano_entry_batcave, serial_bayou_pond_a
Shoals:1: layout_shoals
Shoals:2: layout_shoals, uniq_ilsuiw, uniq_polyphemus, uniq_donald
Spider:1: layout_spider_delve, nicolae_spider_bug_shape
Spider:2: layout_spider_delve
Orc:1:    layout_caves, gammafunk_ghost_wrathful_warriors
Orc:2:    st_orc_town, layout_diamond_mine, serial_shops, shop_statue,
          nicolae_shop_statue_plus, shop, nicolae_shop_behind_doors,
          gammafunk_ghost_split, lightli_orcish_oven
Elf:1:    eino_elf_arrival_sip, layout_rooms, basic_altar, minmay_elf_sorcery,
          uniq_frances
Depths:1: lemuel_flame_loot_2, layout_basic, nicolae_wu_jian_wuxing_cycle,
          abyss_entry, serial_aquarium, aquarium_bridge_straight
          [aquarium_subvault_bridge, aquarium_subvault_wall,
          aquarium_subvault_bridge, aquarium_subvault_wall],
          aquarium_window_fake, aquarium_window_fake, aquarium_view_2c,
          aquarium_view_2d, aquarium_balcony_3a, aquarium_pool_1,
          grunt_hell_entry_dis_old, minmay_holes, onia_ninara_cookie,
          uniq_nikola

Skill      XL: |  1  2  3  4  5  6  7  8  9 10 11 12 13 14 15 |
---------------+----------------------------------------------+-----
Dodging        | 1 2 3 4 5 6 8 11 12 15 16 | 16.5
Stealth        | 2 3 4 5 6 7 8 9 10 12 13 15 | 15.5
Unarmed Combat | 4 5 9 8 10 11 12 | 12.2
Evocations     | 2 3 6 8 10 | 10.0
Fighting       | 7 6 8 10 11 12 | 12.2
Hexes          | 1 10 12 13 14 | 14.4
Spellcasting   | 2 4 5 7 6 |  7.5
Ice Magic      | 1 2 3 |  3.0
Conjurations   | 2 3 |  3.0
Transmutations | 3 8 7 |  8.7
Earth Magic    | 2 7 5 |  7.1

Action                   |  1- 3 |  4- 6 |  7- 9 | 10-12 | 13-15 || total
-------------------------+-------+-------+-------+-------+-------++-------
Melee: Unarmed           |   113 |   254 |   693 |   600 |  1734 ||  3394
       Punch             |     9 |    34 |    64 |    81 |   219 ||   407
       Touch             |     1 |     3 |    18 |    30 |    95 ||   147
       Bite              |       |       |       |       |    25 ||    25
 Cast: Tukima's Dance    |       |       |    24 |     2 |   123 ||   149
       Confusing Touch   |       |       |     8 |    81 |   146 ||   235
       Ensorcelled Hiber |       |       |     3 |       |   200 ||   203
       Dazzling Flash    |       |       |       |    11 |    25 ||    36
       Passwall          |       |       |       |     3 |     1 ||     4
       Blade Hands       |       |       |       |       |    21 ||    21
       Leda's Liquefacti |       |       |       |       |     6 ||     6
Invok: Lunge             |       |       |    97 |   107 |   275 ||   479
       Whirlwind         |       |       |     2 |    62 |   267 ||   331
       Serpent's Lash    |       |       |       |     1 |     1 ||     2
       Heavenly Storm    |       |       |       |       |     1 ||     1
 Abil: Wall Jump         |       |       |     2 |       |       ||     2
Evoke: Wand              |     1 |       |    24 |    12 |    36 ||    73
       Lightning rod     |       |       |       |       |     8 ||     8
       Phial of floods   |       |       |       |       |     1 ||     1
       Tin of tremorston |       |       |       |       |     1 ||     1
  Use: Potion            |       |     1 |     2 |       |     3 ||     6
       Scroll            |       |     2 |     5 |    13 |    13 ||    33
 Stab: Petrified         |     4 |       |       |       |       ||     4
       Sleeping          |     5 |    19 |    35 |    50 |   158 ||   267
       Distracted        |       |     2 |     7 |       |    17 ||    26
       Paralysed         |       |       |     2 |       |       ||     2
       Petrifying        |       |       |     1 |       |       ||     1
       Confused          |       |       |     7 |    74 |   143 ||   224
       Invisible         |       |       |       |     6 |    19 ||    25
Armor: Skin              |     1 |     5 |     9 |    26 |   122 ||   163
Dodge: Dodged            |    74 |   154 |   459 |   304 |  1666 ||  2657

Table legend: (Time is in decaauts)
 A = Elapsed time spent in this place.
 B = Non-inter-level travel time spent in this place.
 C = Inter-level travel time spent in this place.
 D = Time resting spent in this place.
 E = Time spent auto-exploring this place.
 F = Levels seen in this place.
 G = Mean time per level.
                   A        B        C        D        E       F      G
               +--------+--------+--------+--------+--------+-----+--------+
         Total |  44423 |  38659 |   5764 |    308 |  27349 |  32 | 1388.2 |
       Dungeon |  28194 |  24397 |   3797 |    293 |  17776 |  15 | 1879.6 |
        Temple |    106 |     63 |     43 |      0 |     48 |   1 |  106.0 |
          Lair |   8376 |   7313 |   1063 |     11 |   5107 |   6 | 1396.0 |
        Shoals |   1942 |   1637 |    305 |      0 |    937 |   2 |  971.0 |
   Spider Nest |   1386 |   1084 |    302 |      0 |    646 |   2 |  693.0 |
  Orcish Mines |   2427 |   2187 |    240 |      0 |   1487 |   2 | 1213.5 |
   Elven Halls |    182 |    171 |     11 |      4 |    113 |   1 |  182.0 |
        Depths |      2 |      2 |      0 |      0 |      0 |   1 |    2.0 |
         Sewer |    157 |    157 |      0 |      0 |     99 |   1 |  157.0 |
      Ice Cave |   1647 |   1647 |      0 |      0 |   1133 |   1 | 1647.0 |
               +--------+--------+--------+--------+--------+-----+--------+

Top non-repeatable levels by time:
     D:8: 2983 daAuts
    D:14: 2843 daAuts
     D:5: 2665 daAuts
     D:4: 2556 daAuts
     D:6: 2555 daAuts
     D:7: 2409 daAuts
     D:2: 2177 daAuts
  Lair:6: 2149 daAuts
     D:9: 2067 daAuts
  Lair:5: 1863 daAuts
   Orc:2: 1774 daAuts
   IceCv: 1647 daAuts
     D:3: 1594 daAuts
    D:11: 1429 daAuts
  Lair:4: 1399 daAuts
